 Dungeon Crawl Stone Soup version 0.17-a0-410-gb2cdbc8 (webtiles) character file.

133790 Fiveotanaka the Bludgeoner (level 17, -1/104 HPs)
             Began as a Gargoyle Gladiator on Apr 2, 2015.
             Was the Champion of Okawaru.
             Shot with a bolt of flame by a naga sharpshooter (3 damage)
             ... led by Vashnia
             ... on level 2 of the Snake Pit.
             The game lasted 02:38:45 (40861 turns).

Fiveotanaka the Bludgeoner (Gargoyle Gladiator)    Turns: 40861, Time: 02:38:46

Health: -1/104     AC: 34    Str: 21    XL:     17   Next: 15%
Magic:  21/21      EV: 17    Int: 14    God:    Okawaru [******]
Gold:   2199       SH:  0    Dex: 17    Spells: 0 memorised, 16 levels left

rFire  + . .     SeeInvis .     b - +2 great mace of Mihomp {freeze, rN+++ MR+ Int-2 Dex-3}
rCold  . . .     Clarity  .     H - +4 scale mail of the Sparrow {MR+ rCorr Int+3}
rNeg   + + +     SustAb   .     (no shield)
rPois  ∞         Gourm    .     c - +0 hat of the Duke {rCorr Int+2 Dex+3}
rElec  +         Spirit   .     z - +0 cloak of the Six Deaths {Contam Int+2 Dex+2}
rCorr  +         Warding  +     T - +1 pair of gloves of Rosuqes {Contam rPois rCorr}
rMut   .         Stasis   .     N - +2 pair of boots {run}
MR     +++..                    M - amulet of warding
Stlth  ..........               i - +4 ring of slaying
                                q - ring of protection from fire

@: very slightly contaminated, quick, extremely resistant to hostile
enchantments, extremely unstealthy
A: big wings, negative energy resistance 1, electricity resistance, unbreathing,
petrification resistance, rot immunity, AC +12
a: Fly, Heroism, Finesse, Renounce Religion


You were on level 2 of the Snake Pit.
You worshipped Okawaru.
Okawaru was exalted by your worship.
You were not hungry.

You visited 4 branches of the dungeon, and saw 29 of its levels.
You visited 1 bazaar.
You also visited: Ice Cave.

You collected 3218 gold pieces.
You spent 1019 gold pieces at shops.

Inventory:

Hand weapons
 b - the +2 great mace of Mihomp (weapon) {freeze, rN+++ MR+ Int-2 Dex-3}
   (Okawaru gifted it to you on level 13 of the Dungeon)

   It has been specially enchanted to freeze those struck by it, causing extra
   injury to most foes and up to half again as much damage against particularly
   susceptible opponents.
   It can also slow down cold-blooded creatures.
   It affects your intelligence (-2).
   It affects your dexterity (-3).
   It renders you almost immune to negative energy.
   It affects your resistance to hostile enchantments.
Missiles
 d - 11 throwing nets (quivered)
Armour
 c - the +0 hat of the Duke (worn) {rCorr Int+2 Dex+3}
   (Okawaru gifted it to you on level 4 of the Lair of Beasts)

   It affects your intelligence (+2).
   It affects your dexterity (+3).
   It protects you from acid and corrosion.
 z - the +0 cloak of the Six Deaths (worn) {Contam Int+2 Dex+2}
   (You acquired it on level 8 of the Lair of Beasts)

   It affects your intelligence (+2).
   It affects your dexterity (+2).
   It causes magical contamination when unequipped.
 H - the +4 scale mail of the Sparrow (worn) {MR+ rCorr Int+3}
   (You found it on level 4 of the Dungeon)

   It affects your intelligence (+3).
   It affects your resistance to hostile enchantments.
   It protects you from acid and corrosion.
 N - a +2 pair of boots of running (worn)
 O - the +2 cloak of the Kangaroo {rC+ Stlth+}
   (You bought it in a shop in a bazaar)

   It protects you from cold.
   It makes you more stealthy.
 T - the +1 pair of gloves of Rosuqes (worn) {Contam rPois rCorr}
   (You acquired it on level 4 of the Lair of Beasts)

   It protects you from poison.
   It causes magical contamination when unequipped.
   It protects you from acid and corrosion.
Jewellery
 i - a +4 ring of slaying (right hand)
 l - an uncursed ring of teleportation
 q - a ring of protection from fire (left hand)
 t - an uncursed ring of see invisible
 M - an amulet of warding (around neck)
 P - a cursed amulet of resist mutation
 X - an uncursed ring of protection from cold
Magical devices
 a - a wand of fire (10)
 h - a wand of digging (10)
 m - a wand of fire (7)
 x - a wand of disintegration (14)
 I - a wand of cold (0)
 U - a wand of lightning (2)
Scrolls
 e - 9 scrolls of fear
 j - 10 scrolls of amnesia
 k - 4 scrolls of fog
 o - 13 scrolls of teleportation
 p - 16 scrolls of remove curse
 s - 4 scrolls of recharging
 y - 2 scrolls of identify
 E - 3 scrolls of blinking
 F - a scroll of magic mapping
 L - 4 scrolls of silence
Potions
 g - 2 potions of agility
 n - 4 potions of might
 r - 6 potions of brilliance
 u - 3 potions of resistance
 v - 5 potions of restore abilities
 w - a potion of cancellation
 B - a potion of invisibility
 C - 3 potions of haste
 D - 3 potions of magic
 J - 2 potions of curing
 Q - a potion of cure mutation
Books
 G - a book of Unlife

   Spells                             Type                      Level
   a - Recall                         Summoning/Translocation      3
   b - Animate Dead                   Necromancy                   4
   c - Control Undead                 Necromancy                   4
   d - Cigotuvi's Embrace             Necromancy                   5
   e - Death Channel                  Necromancy                   6
   f - Simulacrum                     Ice/Necromancy               6
Comestibles
 f - 10 bread rations
 A - 9 meat rations
 K - 13 fruits


   Skills:
 + Level 10.9 Fighting
 - Level 20.1 Maces & Flails
 - Level 2.0 Throwing
 + Level 13.9 Armour
 + Level 10.8 Dodging
 * Level 8.3 Invocations


You had 16 spell levels left.
You didn't know any spells.

Dungeon Overview and Level Annotations

Branches:
Dungeon (15/15)            Temple (0/1) D:5            Lair (8/8) D:9
 Shoals (0/5) Lair:3        Snake (2/5) Lair:3        Slime (0/6) Lair:8
    Orc (4/4) D:11            Elf (0/3) Orc:4        Vaults (0/5) D:14
 Depths (0/5) D:15

Altars:
Cheibriados
Elyvilon
Gozag
Kikubaaqudgha
Makhleb
Nemelex Xobeh
Okawaru
Ru
Sif Muna
Trog
Yredelemnul
Zin
The Shining One
Beogh

Shops:
D:4 *(   Orc:1 ?   Orc:3 }   Orc:4 ([%?


Innate Abilities, Weirdness & Mutations

You are resistant to torment.
Your stone body is resilient (AC +12).
You are immune to poison.
Your large and strong wings let you fly indefinitely.
You resist negative energy.
You are resistant to electric shocks.
You can survive without breathing.
You are immune to petrification.
You are immune to rotting.


Message History

The bolt of flame hits you.
The naga sharpshooter shoots a bolt of frost.
The bolt of frost hits you!
* * * LOW HITPOINT WARNING * * *
The bolt of frost freezes you.
* * * LOW HITPOINT WARNING * * *
The naga sharpshooter mumbles some strange words.
The naga sharpshooter magically shoots a bolt.
The bolt hits you but does no damage.
Read which item? (? for menu, Esc to quit)
Blink to where?
Press: ? - help, Dir - move target cursor You are very lightly contaminated with residual magic.
As you read the scroll of blinking, it crumbles to dust.
The naga sharpshooter gestures wildly while chanting.
The naga sharpshooter magically shoots a bolt of flame.
The bolt of flame hits you!!
* * * LOW HITPOINT WARNING * * *
The bolt of flame burns you.
You die...

##...........
##..##.....# ..
##†.......## ...###
#####..........#
......####.........#....
............>.......# #.
. ..............###...#
... .............##
##..# [.... ..#....@..##
#.# ...... #..([..## ..#
.......####..##...# .
........(#N.####(.#
..####..N§N(# #..#
###(.N## ##..# ##.<#
...# #..# ....# #S.#
.....#


You could see 3 naga sharpshooters.

Vanquished Creatures
  Vashnia (Snake:2)
  Maud (Lair:8)
  2 orc warlords
  A dire elephant (D:15)
  Snorg (D:10)
  An ettin (Orc:4)
  4 vault guards (D:14)
  A fire dragon (D:14)
  Josephine (D:11)
  9 hydras
  2 naga warriors (Snake:1)
  2 centaur warriors
  Erolcha (Orc:3)
  3 catoblepae (Lair:8)
  23 death yaks
  2 ogre magi
  3 tengu warriors
  3 naga sharpshooters
  A deep elf knight (D:13)
  An orc high priest (Orc:4)
  Sonja (D:11)
  Nergalle (D:11)
  3 skeletal warriors (D:13)
  An ice devil (IceCv)
  8 unseen horrors
  3 ice statues (IceCv)
  2 sea snakes (Snake:1)
  3 orc knights
  2 mana vipers
  The ghost of jorbis the Skirmisher, an experienced DsCK of Xom (D:7)
  A naga ritualist (Snake:1)
  An orc sorcerer (Orc:2)
  2 cyclopes (D:13)
  2 necromancers
  8 hill giants
  An oklob plant (Lair:7)
  2 salamanders (Snake:1)
  2 griffons
  A manticore (D:15)
  A siren (Lair:3)
  10 ugly things
  14 black mambas
  3 naga magi (Snake:1)
  Maurice (D:9)
  Joseph (D:9)
  3 centaur zombies
  Psyche (D:9)
  17 spiny frogs
  2 fire drakes
  11 komodo dragons
  A tengu conjurer (D:15)
  5 trolls
  6 blue devils (IceCv)
  4 two-headed ogres
  A polar bear (Lair:6)
  12 blink frogs
  16 slime creatures
  A spectral orc (D:11)
  7 ravens
  A hornet zombie (D:13)
  A trapdoor spider (D:11)
  A shadow (D:15)
  2 wyverns
  7 hippogriffs
  2 deep elf magi
  3 basilisks
  5 wraiths
  37 yaks
  A deep elf fighter (Orc:4)
  A human (D:7)
  4 wargs (Orc:4)
  2 insubstantial wisps (D:7)
  19 nagas
  4 steam dragons
  6 vampire mosquitoes
  3 mottled dragons
  25 wolves
  10 porcupines
  12 water moccasins
  38 orc warriors
  10 sky beasts
  18 ice beasts
  2 wasps
  2 eyes of draining
  3 black bears
  24 ogres
  2 necrophages
  A phantom (D:13)
  5 centaurs
  2 boring beetles
  16 crocodiles
  2 big kobolds
  A brain worm (D:13)
  A gnoll sergeant (D:9)
  24 giant frogs
  10 killer bees
  7 scorpions
  5 goliath beetles
  9 wights
  An electric eel (Snake:1)
  7 crimson imps
  31 orc wizards
  A quasit (D:12)
  3 jellies
  22 orc priests
  4 draconian simulacra (IceCv)
  A giant frog zombie (D:8)
  18 hounds
  2 giant frog skeletons
  3 centaur skeletons
  2 hell rats (Lair:3)
  3 yak simulacra (Lair:4)
  3 troll simulacra (IceCv)
  14 iguanas
  3 polar bear simulacra (Lair:4)
  9 worker ants
  10 sheep
  A killer bee zombie (D:8)
  3 wolf simulacra (Lair:4)
  A hound zombie (D:10)
  A hound skeleton (D:4)
  8 gnolls (D:9)
  A mummy (D:15)
  A worker ant zombie (D:9)
  30 adders
  68 river rats
  2 naga simulacra (IceCv)
  5 shadow imps
  An ogre simulacrum (IceCv)
  2 giant mites
  6 worms
  2 adder skeletons (D:8)
  An adder zombie (D:6)
  6 giant geckos
  4 oozes
  185 orcs
  24 bats
  5 giant cockroaches
  12 hobgoblins
  5 jackals
  23 kobolds
  15 quokkas
  A ball python (D:3)
  A giant gecko skeleton (D:4)
  7 giant newts
  3 giant spores
  28 goblins
  A quokka zombie (D:6)
  27 rats
  2 river rat simulacra (Lair:4)
  5 ballistomycetes
1177 creatures vanquished.

Vanquished Creatures (others)
  Harold (Orc:2)
  A hydra (Lair:8)
  A komodo dragon (Lair:3)
  A yak (Lair:8)
  A river rat (Lair:3)
  A shadow imp (D:14)
  3 orcs (Orc:3)
  A giant spore (D:14)
  2 fungi
  8 plants
20 creatures vanquished.

Grand Total: 1197 creatures vanquished

Notes
Turn   | Place    | Note
--------------------------------------------------------------
     0 | D:1      | Fiveotanaka, the Gargoyle Gladiator, began the quest for the Orb.
     0 | D:1      | Reached XP level 1. HP: 12/12 MP: 1/1
   264 | D:1      | Reached XP level 2. HP: 17/17 MP: 2/2
   602 | D:1      | Reached skill level 4 in Maces & Flails
   960 | D:2      | Reached XP level 3. HP: 21/21 MP: 3/3
  1398 | D:2      | Reached XP level 4. HP: 26/26 MP: 4/4
  1417 | D:2      | Found a burning altar of Makhleb.
  1605 | D:2      | Reached skill level 5 in Maces & Flails
  1820 | D:3      | Found a white marble altar of Elyvilon.
  1998 | D:3      | Reached XP level 5. HP: 30/30 MP: 5/5
  2238 | D:3      | Reached skill level 6 in Maces & Flails
  2254 | D:3      | Found a sacrificial altar of Ru.
  2443 | D:4      | Noticed an ogre
  2533 | D:4      | Found Siottiz's General Store.
  2548 | D:4      | Bought a scroll of remove curse for 33 gold pieces
  2548 | D:4      | Bought a scroll of immolation for 38 gold pieces
  2548 | D:4      | Bought a scroll of magic mapping for 38 gold pieces
  2558 | D:4      | Reached XP level 6. HP: 35/35 MP: 6/6
  2649 | D:4      | Found a basalt altar of Yredelemnul.
  2650 | D:4      | Found Kauxzeud's Weapon Shop.
  2696 | D:4      | Found a deep blue altar of Sif Muna.
  2739 | D:4      | Got a crude scale mail
  2750 | D:4      | Identified the +4 scale mail of the Sparrow {MR+ rCorr Int+3} (You found it on level 4 of the Dungeon)
  2940 | D:4      | Found an iron altar of Okawaru.
  2944 | D:4      | Became a worshipper of Warmaster Okawaru
  3128 | D:4      | Killed an ogre
  3128 | D:4      | Reached skill level 7 in Maces & Flails
  3492 | D:5      | Entered Level 5 of the Dungeon
  3526 | D:5      | Found a staircase to the Ecumenical Temple.
  3558 | D:5      | Reached XP level 7. HP: 12/40 MP: 7/7
  3802 | D:5      | Acquired Okawaru's first power
  3802 | D:5      | Reached skill level 8 in Maces & Flails
  4071 | D:5      | Noticed a moth of wrath
  4073 | D:5      | Found a bloodstained altar of Trog.
  4303 | D:5      | Got an iridescent rapier
  4317 | D:5      | Identified the +0 rapier of Eternal Harmony {flame, *Rage rPois Dex+3} (You found it on level 5 of the Dungeon)
  4350 | D:5      | Reached skill level 9 in Maces & Flails
  4381 | D:5      | Found an opulent altar of Gozag.
  4425 | D:5      | Reached XP level 8. HP: 44/44 MP: 8/8
  4529 | D:5      | Found an ancient bone altar of Kikubaaqudgha.
  4925 | D:6      | Reached skill level 10 in Maces & Flails
  5042 | D:6      | Found a snail-covered altar of Cheibriados.
  5775 | D:7      | Noticed jorbis's ghost (experienced DsCK)
  5788 | D:7      | Paralysed by jorbis's ghost for 6 turns
  6351 | D:7      | Reached skill level 11 in Maces & Flails
  6351 | D:7      | Reached skill level 1 in Armour
  6711 | D:7      | Reached XP level 9. HP: 38/48 MP: 9/9
  7454 | D:8      | Reached skill level 12 in Maces & Flails
  7457 | D:8      | Noticed a centaur warrior
  7470 | D:8      | Found a sparkling altar of Nemelex Xobeh.
  7479 | D:8      | Killed a centaur warrior
  7479 | D:8      | Reached skill level 5 in Armour
  7688 | D:8      | Reached XP level 10. HP: 45/53 MP: 7/10
  8243 | D:8      | Reached skill level 13 in Maces & Flails
  8981 | D:9      | Noticed Maurice
  9027 | D:9      | Killed Maurice
  9118 | D:9      | Found a sacrificial altar of Ru.
  9121 | D:9      | Found a glowing silver altar of Zin.
  9929 | D:7      | Killed jorbis's ghost
 10386 | D:9      | Noticed Psyche
 10392 | D:9      | Killed Psyche
 10392 | D:9      | Received a gift from Okawaru
 10392 | D:9      | Reached skill level 14 in Maces & Flails
 10392 | D:9      | Reached XP level 11. HP: 46/57 MP: 11/11
 10758 | D:9      | Noticed Joseph
 10804 | D:9      | Killed Joseph
 11196 | D:9      | Received a gift from Okawaru
 11755 | D:9      | Reached skill level 5 in Dodging
 12400 | D:9      | Found a staircase to the Lair.
 12470 | Lair:1   | Entered Level 1 of the Lair of Beasts
 12938 | Lair:1   | Reached skill level 15 in Maces & Flails
 12950 | Lair:1   | Acquired Okawaru's second power
 14090 | Lair:2   | Reached XP level 12. HP: 51/62 MP: 12/12
 15117 | Lair:3   | Found a staircase to the Shoals.
 15840 | Lair:3   | Found a staircase to the Snake Pit.
 15992 | Lair:3   | Reached skill level 16 in Maces & Flails
 16540 | Lair:4   | Identified a scroll of acquirement
 16541 | Lair:4   | Got a pair of scorched gloves
 16552 | Lair:4   | Identified the +1 pair of gloves of Rosuqes {Contam rPois rCorr} (You acquired it on level 4 of the Lair of Beasts)
 16603 | Lair:4   | Found a deep blue altar of Sif Muna.
 16797 | Lair:4   | Received a gift from Okawaru
 16807 | Lair:4   | Got a polished hat {god gift}
 16813 | Lair:4   | Identified the +0 hat of the Duke {rCorr Int+2 Dex+3} (Okawaru gifted it to you on level 4 of the Lair of Beasts)
 16937 | Lair:4   | Reached skill level 10 in Armour
 17616 | Lair:5   | Found a frozen archway.
 17626 | IceCv    | Entered an ice cave
 17669 | IceCv    | HP: 3/66 [ice devil (14)]
 18433 | IceCv    | Reached skill level 5 in Fighting
 18492 | IceCv    | Reached XP level 13. HP: 72/72 MP: 13/13
 19180 | IceCv    | Got a bloodstained rapier
 19287 | Lair:5   | Identified a +0 pair of boots of running (You found it on level 5 of the Lair of Beasts)
 19326 | Lair:5   | Noticed a seven-headed hydra
 19336 | Lair:5   | Killed a seven-headed hydra
 21181 | Lair:6   | Received a gift from Okawaru
 22426 | Lair:7   | Gained mutation: Your large and strong wings let you fly indefinitely. [Gargoyle growth]
 22426 | Lair:7   | Reached XP level 14. HP: 80/84 MP: 14/14
 23234 | Lair:8   | Entered Level 8 of the Lair of Beasts
 23234 | Lair:8   | Noticed Maud
 23300 | Lair:8   | Found a staircase to the Slime Pits.
 23452 | Lair:8   | Paralysed by Maud for 7 turns
 23467 | Lair:8   | Killed Maud
 23637 | Lair:8   | Got a spiked cloak
 23648 | Lair:8   | Identified the +0 cloak of the Six Deaths {Contam Int+2 Dex+2} (You acquired it on level 8 of the Lair of Beasts)
 23826 | Lair:8   | Received a gift from Okawaru
 24678 | Lair:8   | Reached skill level 17 in Maces & Flails
 24708 | Lair:8   | Received a gift from Okawaru
 25413 | Lair:8   | Reached XP level 15. HP: 52/91 MP: 13/15
 26451 | D:10     | Entered Level 10 of the Dungeon
 26516 | D:10     | Found a deep blue altar of Sif Muna.
 26645 | D:10     | Noticed Snorg
 26662 | D:10     | Killed Snorg
 26662 | D:10     | Reached skill level 18 in Maces & Flails
 26868 | D:10     | Received a gift from Okawaru
 26981 | D:10     | Found a staircase to the Lair.
 27521 | D:11     | Found a flickering gateway to a bazaar.
 27530 | D:11     | Noticed Josephine
 27537 | D:11     | Killed Josephine
 27596 | D:11     | Found a staircase to the Orcish Mines.
 27793 | Bazaar   | Entered a bazaar
 27795 | Bazaar   | Found Ezois's Antique Armour Boutique.
 27798 | Bazaar   | Found Iriacu's Weapon Boutique.
 27799 | Bazaar   | Found Guoqo's Antique Weapon Boutique.
 27799 | Bazaar   | Found Umarr's Armour Boutique.
 27848 | Bazaar   | Bought the +2 cloak of the Kangaroo {rC+ Stlth+} for 406 gold pieces
 27902 | D:11     | Found a snail-covered altar of Cheibriados.
 27987 | D:11     | Noticed Nergalle
 28038 | D:11     | Killed Nergalle
 28338 | D:11     | Noticed Sonja
 28352 | D:11     | Killed Sonja
 28488 | Orc:1    | Entered Level 1 of the Orcish Mines
 28728 | Orc:3    | Noticed Erolcha
 28746 | Orc:3    | Killed Erolcha
 29040 | Orc:4    | Entered Level 4 of the Orcish Mines
 29085 | Orc:4    | Found a roughly hewn altar of Beogh.
 29248 | Orc:4    | Found a roughly hewn altar of Beogh.
 29291 | Orc:4    | Found a roughly hewn altar of Beogh.
 29316 | Orc:4    | Found a staircase to the Elven Halls.
 29446 | Orc:4    | Found an iron altar of Okawaru.
 29543 | Orc:4    | Found a roughly hewn altar of Beogh.
 29544 | Orc:4    | Found Teifaq's Magic Scroll Shoppe.
 29737 | Orc:4    | Found a roughly hewn altar of Beogh.
 29762 | Orc:4    | Found Geeteel's Food Boutique.
 29832 | Orc:4    | Found a roughly hewn altar of Beogh.
 29877 | Orc:4    | Found a roughly hewn altar of Beogh.
 30054 | Orc:4    | Reached skill level 19 in Maces & Flails
 30869 | Orc:4    | Found a roughly hewn altar of Beogh.
 30872 | Orc:4    | Found Moasaad's Antique Weapon Shop.
 30875 | Orc:4    | Found Weddum's Antique Armour Boutique.
 31239 | Orc:3    | Noticed Harold
 31575 | Orc:2    | Found a glowing golden altar of the Shining One.
 31621 | Orc:2    | Received a gift from Okawaru
 31752 | Orc:1    | Found Yfenih's Magic Scroll Shop.
 31789 | Orc:1    | Bought a scroll of teleportation for 42 gold pieces
 31789 | Orc:1    | Bought a scroll of identify for 28 gold pieces
 31789 | Orc:1    | Bought a scroll of identify for 28 gold pieces
 31789 | Orc:1    | Bought a scroll of identify for 28 gold pieces
 31789 | Orc:1    | Bought a scroll of identify for 28 gold pieces
 32585 | Orc:2    | Killed Harold
 32695 | Orc:3    | Found Godghach's Gadget Boutique.
 33154 | Orc:2    | Received a gift from Okawaru
 33654 | Orc:4    | Bought a scroll of teleportation for 39 gold pieces
 33654 | Orc:4    | Bought a scroll of blinking for 97 gold pieces
 33654 | Orc:4    | Bought a scroll of identify for 26 gold pieces
 33654 | Orc:4    | Bought a scroll of identify for 26 gold pieces
 33654 | Orc:4    | Bought a scroll of teleportation for 39 gold pieces
 33654 | Orc:4    | Bought a scroll of blinking for 97 gold pieces
 33654 | Orc:4    | Bought a scroll of identify for 26 gold pieces
 34290 | D:12     | Found a glowing golden altar of the Shining One.
 34640 | D:13     | Received a gift from Okawaru
 34640 | D:13     | Reached skill level 20 in Maces & Flails
 34640 | D:13     | Reached XP level 16. HP: 71/96 MP: 16/16
 34643 | D:13     | Got a jewelled great mace {god gift}
 34649 | D:13     | Identified the +2 great mace of Mihomp {freeze, rN+++ MR+ Int-2 Dex-3} (Okawaru gifted it to you on level 13 of the Dungeon)
 35172 | D:13     | Reached skill level 1 in Invocations
 35478 | D:13     | Reached skill level 10 in Dodging
 36146 | D:14     | Found a gate to the Vaults.
 36175 | D:14     | Received a gift from Okawaru
 36962 | D:14     | Reached skill level 10 in Fighting
 37106 | D:14     | Reached skill level 5 in Invocations
 37237 | D:15     | Entered Level 15 of the Dungeon
 37709 | D:15     | Found a staircase to the Depths.
 38374 | D:15     | Received a gift from Okawaru
 38874 | Snake:1  | Entered Level 1 of the Snake Pit
 39353 | Snake:1  | HP: 4/98 [naga/scimitar (11)]
 40058 | Snake:1  | Reached XP level 17. HP: 95/103 MP: 20/20
 40104 | Snake:1  | Received a gift from Okawaru
 40573 | Snake:2  | Noticed Vashnia
 40625 | Snake:2  | Killed Vashnia
 40861 | Snake:2  | HP: 2/104 [naga sharpshooter/bolt of flame[Vashnia] (25)]
 40861 | Snake:2  | Shot with a bolt of flame by a naga sharpshooter

Action                   |  1- 3 |  4- 6 |  7- 9 | 10-12 | 13-15 | 16-18 || total
-------------------------+-------+-------+-------+-------+-------+-------++-------
Melee: Flail             |   128 |   103 |       |       |       |       ||   231
       Morningstar       |       |    95 |   389 |  1444 |  2366 |       ||  4294
       Great mace        |       |       |       |       |       |   639 ||   639
       Unarmed           |       |       |       |       |       |   152 ||   152
Invok: Heroism           |       |       |     3 |    10 |    23 |     5 ||    41
       Finesse           |       |       |       |       |     2 |     1 ||     3
Evoke: Wand              |       |       |     4 |     2 |     3 |     1 ||    10
  Use: Potion            |       |     5 |     1 |     5 |     1 |     7 ||    19
       Scroll            |       |       |     4 |     9 |    23 |     4 ||    40
 Stab: Invisible         |       |       |     1 |       |       |       ||     1
       Fleeing           |       |       |       |       |     1 |       ||     1
  Eat: Chunk             |     2 |     7 |    14 |    30 |    45 |    17 ||   115
       Royal jelly       |       |       |       |     1 |       |     1 ||     2
       Fruit             |       |       |       |     2 |     3 |       ||     5
       Pizza             |       |       |       |     2 |     2 |       ||     4
       Beef jerky        |       |       |       |       |     2 |     1 ||     3
